 Dungeon Crawl Stone Soup version 0.20.1 (console) character file.

544 bli the Ducker (level 7, -1/37 HPs)
             Began as a Spriggan Monk on July 2, 2017.
             Slain by a worm (12 damage)
             ... on level 4 of the Dungeon.
             The game lasted 00:12:51 (3230 turns).

bli the Ducker (Spriggan Monk)                      Turns: 3230, Time: 00:12:52

Health: -1/37      AC:  3    Str:  7    XL:     7   Next: 6%
Magic:  8/8        EV: 23    Int: 11    God:
Gold:   177        SH:  0    Dex: 21    Spells: 6/6 levels left

rFire    . . .     SeeInvis +   a - +3 dagger (venom)
rCold    . . .     Gourm    .   (shield restricted)
rNeg     . . .     Faith    .   g - +0 robe
rPois    .         Spirit   .   i - +1 hat
rElec    .         Reflect  .   (no cloak)
rCorr    .         Harm     .   (gloves unavailable)
MR       +....     Rnd*Tele +   (boots unavailable)
Stlth    +++++.....             (no amulet)
Regen    0.2/turn               l - ring of teleportation (curse)
MPRegen  0.2/turn               s - ring of stealth

@: very quick
A: unfitting armour, see invisible, herbivore 3, speed 3, slow metabolism 2
a: no special abilities


You were on level 4 of the Dungeon.
You were not hungry.

You visited 1 branch of the dungeon, and saw 4 of its levels.

You collected 177 gold pieces.

Inventory:

Hand Weapons
 a - a +3 dagger of venom (weapon)
 b - a +0 short sword
Armour
 g - a +0 robe (worn)
 i - a +1 hat (worn)
Jewellery
 l - a cursed ring of teleportation (left hand)
 s - a ring of stealth (right hand)
 u - an uncursed ring of resist corrosion
Wands
 n - a wand of confusion (15/48)
Scrolls
 h - a scroll of identify
 j - 2 scrolls of teleportation
 k - 3 scrolls of remove curse {unknown}
 m - a scroll of fog
 p - a scroll of fear
 q - a scroll of enchant armour {unknown}
 r - 4 scrolls of recharging {unknown}
 t - a scroll of blinking
 w - a scroll of magic mapping {unknown}
Potions
 d - a potion of lignification {unknown}
 e - 4 potions of curing
 f - 3 potions of heal wounds {unknown}
 v - a potion of might {unknown}
Comestibles
 c - 2 bread rations
 o - 2 royal jellies


   Skills:
 * Level 3.7 Fighting
 + Level 5.8 Short Blades
 + Level 6.7 Dodging
 - Level 6.1 Stealth


You had 6 spell levels left.
You didn't know any spells.

Dungeon Overview and Level Annotations

Branches:
Dungeon (4/15)
 Temple: D:4-7

Altars:
Elyvilon
Zin
The Shining One

Shops:
D:4 }

Annotations:
D:3 1 runed door


Innate Abilities, Weirdness & Mutations

You are very small and have problems with some larger weapons.
You are too small for most types of armour.
You have supernaturally acute eyesight. (SInv)
You are a herbivore.
You cover ground extremely quickly.
You need consume almost no food.


Message History

The giant cockroach completely misses you.
You hit the ooze.
The ooze is lightly wounded.
The ooze completely misses you. The giant cockroach barely misses you.
The ooze completely misses you.
The giant cockroach completely misses you.
You barely miss the ooze.
The ooze is lightly wounded.
The giant cockroach closely misses you. The ooze barely misses you.
You see here a wand of lightning (?/15).
You hit the giant cockroach.
The giant cockroach is poisoned.
The giant cockroach is lightly wounded.
You hit the giant cockroach but do no damage.
The giant cockroach looks as sick as possible!
The giant cockroach is lightly wounded.
You kill the giant cockroach!
The ooze misses you.
You see here a giant cockroach corpse.
The worm bites you!
You die...

## #### .♣###..#
...##.## ♣∩♣...#
######### ....#.#
##...#...## .♣....#
##.........## ...####
#...........#
....#####...........#
.......)....../Jw...#
.##...###.......@..##
.####)........#...##
.##...######.......#
#...#### #.......#
#......# #.......#
#......# #.......##
.....).#####........#
#......#............#
....................#
#..............###..#
............######)##


You could see a worm and an ooze.

Vanquished Creatures
  Sigmund (D:2)
  A hound (D:4)
  An orc priest (D:4)
  A bullfrog skeleton (D:4)
  Ijyb (D:3)
  Jessica (D:3)
  Terence (D:3)
  2 orc wizards (D:4)
  2 worker ants (D:4)
  3 adders
  A shadow imp (D:3)
  2 worms
  A dart slug (D:2)
  2 leopard geckos (D:1)
  9 orcs (D:4)
  10 bats
  5 giant cockroaches
  9 hobgoblins
  3 jackals (D:3)
  18 frilled lizards
  9 goblins
  A jackal skeleton (D:4)
  4 kobolds
  7 rats
95 creatures vanquished.

Notes
Turn   | Place    | Note
-------+----------+-------------------------------------------
     0 | D:1      | bli the Spriggan Monk began the quest for the Orb.
     0 | D:1      | Reached XP level 1. HP: 11/11 MP: 2/2
   165 | D:1      | Reached XP level 2. HP: 13/16 MP: 3/3
   483 | D:1      | Reached XP level 3. HP: 9/19 MP: 4/4
   750 | D:2      | Found a glowing golden altar of the Shining One.
  1001 | D:2      | Reached skill level 5 in Dodging
  1042 | D:2      | Noticed Sigmund
  1045 | D:2      | Killed Sigmund
  1045 | D:2      | Reached skill level 5 in Stealth
  1045 | D:2      | Reached XP level 4. HP: 14/23 MP: 5/5
  1045 | D:2      | Reached XP level 5. HP: 17/28 MP: 6/6
  1493 | D:2      | Reached skill level 5 in Short Blades
  1784 | D:3      | Noticed Ijyb
  1786 | D:3      | Killed Ijyb
  1959 | D:3      | Found a glowing silver altar of Zin.
  1959 | D:3      | Noticed an angel
  1966 | D:3      | Found a runed door.
  1989 | D:3      | Noticed Terence
  1996 | D:3      | Killed Terence
  1996 | D:3      | Reached XP level 6. HP: 32/32 MP: 7/7
  2073 | D:3      | Noticed Jessica
  2373 | D:3      | Killed Jessica
  2511 | D:3      | Found a white marble altar of Elyvilon.
  2932 | D:4      | Found Zuus's Gadget Shop.
  3180 | D:4      | Reached XP level 7. HP: 7/37 MP: 8/8
  3230 | D:4      | Slain by a worm

Skill      XL: |  1  2  3  4  5  6 |
---------------+-------------------+-----
Stealth        | 5 6 |  6.1
Short Blades   | 4 5 |  5.8
Dodging        | 5 6 |  6.7
Fighting       | 3 |  3.7

Action                   |  1- 3 |  4- 6 |  7- 9 || total
-------------------------+-------+-------+-------++-------
Melee: Short sword       |    99 |    33 |       ||   132
       Dagger            |    54 |   170 |    11 ||   235
  Use: Scroll            |       |     4 |       ||     4
       Potion            |       |     1 |       ||     1
 Stab: Sleeping          |    15 |    14 |       ||    29
       Distracted        |       |     1 |       ||     1
Armor: Robe              |    14 |    14 |     1 ||    29
Dodge: Dodged            |   112 |   137 |    14 ||   263
